 Dungeon Crawl Stone Soup version 0.28-a0-2-g643f2454ad (webtiles) character file.

Game seed: 14679198603369957145

452 Spectrina the Sneak (level 7, -5/53 HPs)
             Began as a Djinni Delver on July 22, 2021.
             Was a Believer of Ashenzari.
             Slain by Pikel (10 damage)
             ... on level 6 of the Dungeon.
             The game lasted 00:23:08 (1963 turns).

Spectrina the Sneak (Djinni Delver)                 Turns: 1963, Time: 00:23:08

Health: -5/53      AC:  7    Str: 11    XL:     7   Next: 25%
Gold:   83         EV: 13    Int: 13    God:    Ashenzari [**....] SH:  0 Dex: 15

rFire   + + .      SeeInvis +   h - +0 halberd of Supernal Gnosis {Melee, Fort} (curse)
rCold   + . .      Faith    .   (shield currently unavailable)
rNeg    . . .      Spirit   .   a - +0 leather armour
rPois   ∞          Reflect  .   (no helmet)
rElec   .          Harm     .   d - +2 cloak
rCorr   .          Rampage  .   w - +0 pair of gloves
Will    +....                   (boots unavailable)
Stlth   +++.......              (no amulet)
HPRegen 0.17/turn               u - ring of the Eternal Affliction {rPois rC++ Will+, Cun, Self} (curse)
MPRegen 0.00/turn               (no ring)

@: about to teleport, flying
A: sickness immunity, fire resistance 2, cold vulnerability 1, float, innate
caster, hp casting, extra vitality 1
a: Renounce Religion, Shatter the Chains


You were on level 6 of the Dungeon.
You worshipped Ashenzari.
Ashenzari was pleased with you.
You visited 1 branch of the dungeon, and saw 6 of its levels.

You collected 179 gold pieces.
You spent 96 gold pieces at shops.

Inventory:

Hand Weapons
 h - the cursed +0 halberd of Supernal Gnosis (weapon) {Melee, Fort}
   (You found it on level 5 of the Dungeon)

   It has a curse which improves the following skills: Melee Combat: Short
   Blades, Long Blades, Axes, Maces & Flails, Polearms, Staves and Unarmed
   Combat.
   Fortitude: Armour and Shields.
 o - a +0 rapier
 s - a +0 hunting sling
 z - a +0 quarterstaff
Missiles
 j - 6 boomerangs (quivered)
 m - 40 arrows
 n - 107 stones
 y - 8 poisoned darts
 A - 21 sling bullets
Armour
 a - a +0 leather armour (worn)
 d - a +2 cloak (worn)
 w - a +0 pair of gloves (worn)
Magical Staves
 g - a staff of cold
Jewellery
 u - the cursed ring of the Eternal Affliction (left hand) {rPois rC++ Will+, Cun, Self}
   (You found it on level 4 of the Dungeon)

   [ring of willpower]

   rC:        It greatly protects you from cold.
   rPois:     It protects you from poison.
   Will:      It increases your willpower.
   It has a curse which improves the following skills: Cunning: Dodging and
   Stealth.
   Introspection: Fighting and Spellcasting.
Wands
 f - a wand of digging (3)
 k - a wand of mindburst (13)
 t - a wand of iceblast (4)
Scrolls
 b - a scroll of fog
 c - a scroll of magic mapping
 v - a scroll of vulnerability
 x - a scroll of enchant weapon
Potions
 e - 3 potions of haste
 i - 2 potions of curing
 l - a potion of flight
 p - a potion of brilliance
 q - a potion of heal wounds


   Skills:
 + Level 3.4(4.8) Fighting
 + Level 2.8(4.1) Dodging
 + Level 4.6(6.0) Stealth
 - Level 2.0(3.1) Unarmed Combat
 * Level 4.5(5.9) Spellcasting


You had 11 spell levels left.
You knew the following spells:

 Your Spells              Type           Power      Damage    Failure   Level
a - Shock                 Conj/Air       76%        1d7       1%          1
p - Wereblood             Tmut           19%        N/A       3%          2
q - Dazzling Flash        Conj/Hex       38%        N/A       6%          3
Your spell library was empty.

Dungeon Overview and Level Annotations

Branches:
Dungeon (6/15)
 Temple: D:4-7

Altars:
Ashenzari

Shops:
D:2 !

Annotations:
D:3 3 runed translucent doors, Sin92's ghost, amateur DsFi
D:6 Pikel


Innate Abilities, Weirdness & Mutations

You are immune to sickness and miasma.
You are immune to poison.
Your flesh is very heat resistant. (rF++)
You are vulnerable to cold. (rC-)
You float through the air rather than walking.
You learn spells naturally, not from books.
Your magical power is your life essence.
You have superior vitality. (+4 HP)


Message History

Casting: Dazzling Flash (dangerous; 6% risk of failure)
Confirm with . or Enter, or press ? or * to list all spells.
Pikel is dazzled.
The lemure is dazzled.
Pikel hits you with a +2 whip of flaming.
Pikel burns you. Pikel closely misses you.
Unknown command.
Pikel says, "Hell isn't that bad."
The lemure shouts!
Pikel is no longer blind.
There is a stone staircase leading down here.
Casting: Dazzling Flash (dangerous; 6% risk of failure)
Confirm with . or Enter, or press ? or * to list all spells.
The lemure is dazzled.
* * * LOW HITPOINT WARNING * * *
Pikel barely misses you. Pikel closely misses you.
Unknown command.
Unknown command.
Casting: Dazzling Flash (dangerous; 6% risk of failure)
Confirm with . or Enter, or press ? or * to list all spells.
Pikel is dazzled.
* * * LOW HITPOINT WARNING * * *
Pikel says, "You'll burn in Gehenna!"
Pikel hits you with a +2 whip of flaming.
* * * LOW HITPOINT WARNING * * *
Unknown command.
Pikel misses you.
Pikel hits you with a +2 whip of flaming.
* * * LOW HITPOINT WARNING * * *
You fly downwards.
The gnoll shouts!
There is a stone staircase leading up here.
Unknown command.
As you read the scroll of teleportation, it crumbles to dust.
You feel strangely unstable.
A gnoll comes into view. It is wielding a +0 whip.
Pikel hits you but does no damage.
Unknown command.
Unknown command.
Pikel hits you with a +2 whip of flaming!
You die...

*.# *####.#
, *
##.....#.,
, ≈D
##........,
≈.
#.........
, ≈≈
#...5.....
, ,,..
#........g
#@...g....
,,,
#.K.......
##........,
##.......
###...#, *
*,... * ,
.. * , , .
,


You could see Pikel (wandering, fast, blind), a gnoll and a white imp
(wandering).

Vanquished Creatures
  A necrophage (D:3)
  A lemure (D:5)
  A kobold brigand (D:5)
  A scorpion (D:5)
  2 bullfrog skeletons
  A jelly (D:3)
  An orc wizard (D:5)
  A killer bee zombie (D:5)
  A hound zombie (D:5)
  3 adders
  An orc (D:5)
  3 bats
  5 endoplasms
  3 giant cockroaches
  5 goblins
  5 hobgoblins
  8 jackals
  3 quokkas
  5 ball pythons
  2 frilled lizards
  8 kobolds
  A quokka skeleton (D:4)
  3 rats
65 creatures vanquished.

Notes
Turn   | Place    | Note
-------+----------+-------------------------------------------
     0 | D:5      | Spectrina the Djinni Delver began the quest for the Orb.
     0 | D:5      | Reached XP level 1. HP: 20/20 MP: 0/0
     6 | D:6      | Noticed a steam dragon
    84 | D:4      | Reached skill level 1 in Spellcasting
    84 | D:4      | Reached XP level 2. HP: 12/25 MP: 0/0
    86 | D:4      | Noticed an ogre
   117 | D:3      | Reached XP level 3. HP: 17/30 MP: 0/0
   117 | D:3      | Learned a level 1 spell: Shock
   128 | D:3      | Noticed Sin92's ghost (amateur DsFi)
   129 | D:3      | Found a runed translucent gate.
   130 | D:3      | Found a runed translucent gate.
   130 | D:3      | Found a runed translucent gate.
   245 | D:3      | Reached XP level 4. HP: 24/35 MP: 0/0
   870 | D:2      | Found Kuarex's Distillery.
   876 | D:2      | Bought a potion of heal wounds for 60 gold pieces
   876 | D:2      | Bought a potion of curing for 36 gold pieces
  1075 | D:3      | Noticed a necrophage
  1086 | D:3      | Found a broken altar of Ashenzari.
  1089 | D:3      | Became a worshipper of Ashenzari the Shackled
  1128 | D:3      | Killed a necrophage
  1129 | D:3      | Reached XP level 5. HP: 14/40 MP: 0/0
  1129 | D:3      | Learned a level 2 spell: Wereblood
  1169 | D:4      | Noticed a phantom
  1229 | D:4      | Identified the ring "Mimir" {rPois rC++ Will+}
  1238 | D:4      | Reached XP level 6. HP: 29/46 MP: 0/0
  1769 | D:5      | Reached * piety under Ashenzari
  1769 | D:5      | Reached ** piety under Ashenzari
  1837 | D:5      | Reached XP level 7. HP: 34/53 MP: 0/0
  1837 | D:5      | Learned a level 3 spell: Dazzling Flash
  1933 | D:5      | Noticed Pikel
  1963 | D:6      | Slain by Pikel

Illustrated notes

Levels and vault maps discovered:
D:1:      kennysheep_arrival_seaside, layout_basic, fountainhead,
          minmay_pentomino_q2
D:2:      minmay_chambers_of_ones, layout_loops_ring, serial_shops, shop,
          chequers_serial_rivers_small_b
D:3:      layout_basic, mainiacjoe_overflow_brackets, gammafunk_ghost_split,
          uniq_grinder
D:4:      layout_gridville, minmay_misc_feat_nine_boxes,
          kennysheep_decorative_pillar, kennysheep_generic_room_11, uniq_edmund
D:5:      minmay_chambers_of_fours, layout_loops_cross, uniq_pikel
D:6:      layout_rooms, mainiacjoe_overflow_concentric_impassable

Skill      XL: |  1  2  3  4  5  6 |
---------------+-------------------+-----
Spellcasting   | 1 2 3 4 |  4.5
Fighting       | |  3.4
Dodging        | |  2.8
Stealth        | |  4.6
Unarmed Combat | |  2.0

Action                   |  1- 3 |  4- 6 |  7- 9 || total
-------------------------+-------+-------+-------++-------
Melee: Halberd           |    21 |    62 |     2 ||    85
 Cast: Shock             |     8 |   127 |    12 ||   147
       Wereblood         |       |     2 |       ||     2
       Dazzling Flash    |       |       |     5 ||     5
Invok: Curse Item        |       |     2 |       ||     2
  Use: Scroll            |       |     1 |     1 ||     2
 Stab: Sleeping          |     2 |     3 |       ||     5
       Invisible         |       |       |     1 ||     1
Armor: Leather armour    |     6 |    23 |     1 ||    30
Dodge: Dodged            |    19 |    59 |    13 ||    91

Table legend: (Time is in decaauts)
 A = Elapsed time spent in this place.
 B = Non-inter-level travel time spent in this place.
 C = Inter-level travel time spent in this place.
 D = Time resting spent in this place.
 E = Time spent auto-exploring this place.
 F = Levels seen in this place.
 G = Mean time per level.
                   A        B        C        D        E       F      G
               +--------+--------+--------+--------+--------+-----+--------+
         Total |   2011 |   1868 |    143 |      0 |      0 |   6 |  335.2 |
       Dungeon |   2011 |   1868 |    143 |      0 |      0 |   6 |  335.2 |
               +--------+--------+--------+--------+--------+-----+--------+

Top non-repeatable levels by time:
     D:4: 589 daAuts
     D:1: 459 daAuts
     D:5: 390 daAuts
     D:3: 356 daAuts
     D:2: 199 daAuts
     D:6: 16 daAuts
